 Dungeon Crawl Stone Soup version 0.29-a0-557-g43b9904bd1 (webtiles) character file.

Game seed: 2669206006732149984

2046 DocClef the Covert (level 9, -3/74 HPs)
             Began as a Gnoll Delver on June 8, 2022.
             Was an Elder of Okawaru.
             Slain by an orc warrior
             ... wielding a +0 hand axe
              (6 damage)
             ... on level 6 of the Dungeon.
             The game lasted 00:05:58 (7671 turns).

DocClef the Covert (Gnoll Delver)                   Turns: 7671, Time: 00:05:58

Health: -3/74      AC:  7    Str: 16    XL:     9   Next: 24%
Magic:  15/15      EV: 14    Int: 10    God:    Okawaru [****..]
Gold:   305        SH:  0    Dex: 13    Spells: 16/16 levels left

rFire   . . .      SeeInvis .   p - +5 flail of Breach {vorpal, Will+ rCorr}
rCold   . . .      Faith    .   (no shield)
rNeg    + . .      Spirit   .   r - +2 robe {rN+}
rPois   .          Reflect  .   (no helmet)
rElec   .          Harm     .   J - +0 cloak
rCorr   +          Rampage  .   F - +0 pair of gloves
Will    +....                   j - +0 pair of boots
Stlth   ++++......              (no amulet)
HPRegen 0.22/turn               v - ring of resist corrosion
MPRegen 0.14/turn               (no ring)

@: no status effects
A: fangs 1, strong nose, distributed training
a: Renounce Religion, Heroism, Finesse


You were on level 6 of the Dungeon.
You worshipped Okawaru.
Okawaru was greatly pleased with you.
You visited 2 branches of the dungeon, and saw 7 of its levels.

You collected 305 gold pieces.

Inventory:

Hand Weapons
 a - a +0 short sword
 p - the +5 flail of Breach (weapon) {vorpal, Will+ rCorr}
   (You found it on level 2 of the Dungeon)

   It inflicts extra damage upon your enemies.
   rCorr:     It protects you from acid and corrosion.
   Will:      It increases your willpower.
Armour
 b - a +0 leather armour
 j - a +0 pair of boots (worn)
 r - a +2 robe of positive energy (worn)
 F - a +0 pair of gloves (worn)
 J - a +0 cloak (worn)
Jewellery
 v - a ring of resist corrosion (left hand)
 H - a ring of willpower
Wands
 g - a wand of digging (3)
 D - a wand of flame (10)
Scrolls
 c - 2 scrolls of fog
 d - 2 scrolls of magic mapping
 e - a scroll of fear
 i - a scroll of blinking {unknown}
 k - 8 scrolls of teleportation {unknown}
 l - 4 scrolls of identify {unknown}
 m - 2 scrolls of vulnerability {unknown}
 n - a scroll of summoning {unknown}
 s - a scroll of silence {unknown}
 t - 2 scrolls of amnesia {unknown}
 y - 2 scrolls of immolation {unknown}
 G - 2 scrolls of noise {unknown}
Potions
 f - 2 potions of haste
 h - a potion of ambrosia {unknown}
 o - 2 potions of magic
 q - a potion of degeneration {unknown}
 u - a potion of curing {unknown}
 w - a potion of invisibility {unknown}
 x - a potion of experience {unknown}
 z - a potion of might {unknown}
 A - a potion of brilliance {unknown}
 B - a potion of heal wounds {unknown}
 C - a potion of mutation {unknown}
 E - a potion of lignification {unknown}
 I - a potion of attraction {unknown}


   Skills:
 + Level 7.8 Fighting
 + Level 6.2 Short Blades
 + Level 4.0 Long Blades
 + Level 4.0 Axes
 + Level 4.0 Maces & Flails
 + Level 4.0 Polearms
 + Level 4.0 Staves
 + Level 4.0 Slings
 + Level 4.0 Bows
 + Level 4.0 Crossbows
 + Level 4.0 Throwing
 + Level 4.0 Armour
 + Level 6.2 Dodging
 + Level 10.4 Stealth
 + Level 4.0 Shields
 + Level 4.0 Unarmed Combat
 + Level 4.0 Spellcasting
 + Level 3.3 Conjurations
 + Level 3.3 Hexes
 + Level 3.3 Summonings
 + Level 3.3 Necromancy
 + Level 3.3 Translocations
 + Level 3.3 Transmutations
 + Level 3.3 Fire Magic
 + Level 3.3 Ice Magic
 + Level 3.3 Air Magic
 + Level 3.3 Earth Magic
 + Level 3.3 Poison Magic
 + Level 4.4 Invocations
 + Level 4.0 Evocations


You had 16 spell levels left.
You didn't know any spells.
Your spell library contained the following spells:

 Spells                   Type           Power      Damage    Failure   Level
 Confusing Touch          Hex            8%         N/A       19%         3
 Dazzling Flash           Conj/Hex       16%        N/A       19%         3
 Iskenderun's Mystic Bla  Conj/Tloc      8%         2d4       54%         4
 Yara's Violent Unravell  Hex/Tmut       4%         3d4       87%         5
 Starburst                Conj/Fire      4%         6d3       100%        6
 Enfeeble                 Hex            4%         N/A       100%        7


Dungeon Overview and Level Annotations

Branches:
Dungeon (6/15)             Temple (1/1) D:5

Altars:
Ashenzari
Cheibriados
Dithmenos
Fedhas
Gozag
Hepliaklqana
Kikubaaqudgha
Makhleb
Nemelex Xobeh
Okawaru
Qazlal
Ru
Sif Muna
Trog
Vehumet
Wu Jian
Xom
Yredelemnul
Zin
The Shining One

Shops:
D:2 ?

Annotations:
D:2 Natasha
D:3 3 runed translucent doors, DocClef's ghost, novice GnDe


Innate Abilities, Weirdness & Mutations

You have very sharp teeth.
Your uncanny sense of smell can sniff out nearby items.
Your experience applies equally to all skills.


Message History

You are too injured to fight recklessly!
You are too injured to fight recklessly!
You are too injured to fight recklessly!
You are too injured to fight recklessly!
You are too injured to fight recklessly!
You are too injured to fight recklessly!
You are too injured to fight recklessly!
You are too injured to fight recklessly!
You are too injured to fight recklessly!
You are too injured to fight recklessly!
Unknown command.
You closely miss the orc priest. You bite the orc priest.
The orc priest is lightly wounded.
The orc warrior hits you but does no damage.
The orc priest barely misses you.
You hit the orc priest.
The orc priest is severely wounded.
The orc warrior barely misses you.
The orc priest hits you but does no damage.
You hit the orc priest. Your bite misses the orc priest.
The orc priest is almost dead.
The orc warrior hits you with a +0 hand axe!
* * * LOW HITPOINT WARNING * * *
The orc priest hits you with a +0 dagger.
* * * LOW HITPOINT WARNING * * *
You thump the orc priest!
You kill the orc priest!
Okawaru accepts your kill. The orc warrior closely misses you.
There is an open door here.
You thump the orc warrior!
The orc warrior is severely wounded.
The orc warrior hits you with a +0 hand axe!
* * * LOW HITPOINT WARNING * * *
The orc warrior closely misses you.
You hit the orc warrior but do no damage.
You bite the orc warrior, but do no damage.
The orc warrior is severely wounded.
The orc warrior hits you with a +0 hand axe.
You die...

#
#.#######.........####.##.##
# #.# ##..#####.........). #
#.# #..# #######.##.## # #.#
#..####..........#. #.#
#.......#.#####.#[# #.#
##.###.###.## ##.## #.#
#####.##.#####.## #### ###
.#. #≈≈≈≈.≈≈≈≈..###.# # #..
# ....≈##≈@≈##≈#.##.## #
#.###.#.### ##o###≈#.#.##
#....... ..≈≈#.).#≈≈...##
#..##.# ..≈≈#..)#≈≈#.##
.....#
..≈≈#.?.#≈≈#.##########
#..##.#
#.≈#######≈#..........# #.[#
..≈# ≈≈##≈##########.#
#..### #.≈ ≈≈≈ #.# #....##
#.# ##.## #.#


You could see an orc warrior.

Vanquished Creatures
  Grinder (D:5)
  Sigmund (D:2)
  Menkaure (D:5)
  A water moccasin (D:6)
  3 black bears
  2 centaurs (D:6)
  A phantom (D:4)
  A necrophage (D:4)
  3 scorpions
  4 wights (D:5)
  A hound (D:4)
  An orc priest (D:6)
  3 jellies
  Jessica (D:2)
  2 iguanas
  Natasha (D:2)
  2 orc wizards
  4 gnolls (D:5)
  7 adders
  3 worms
  A dart slug (D:2)
  16 orcs
  7 endoplasms
  6 giant cockroaches
  7 goblins
  9 hobgoblins
  5 jackals (D:2)
  3 kobolds
  2 quokkas
  4 ball pythons
  5 bats
  8 frilled lizards
  6 rats
122 creatures vanquished.

Vanquished Creatures (others)
  8 fungi (D:2)
  6 plants (D:2)
14 creatures vanquished.

Grand Total: 136 creatures vanquished

Notes
Turn   | Place    | Note
-------+----------+-------------------------------------------
     0 | D:5      | Reached skill level 9 in Stealth
     0 | D:5      | DocClef the Gnoll Delver began the quest for the Orb.
     0 | D:5      | Reached XP level 1. HP: 23/23 MP: 1/1
    58 | Temple   | Entered the Ecumenical Temple
   273 | Temple   | Became a worshipper of Warmaster Okawaru
   404 | D:5      | Noticed a jelly
   410 | D:5      | Killed a jelly
   411 | D:5      | Reached XP level 2. HP: 29/29 MP: 2/2
   411 | D:5      | Reached XP level 3. HP: 35/35 MP: 3/3
   440 | D:5      | Reached skill level 1 in Invocations
   442 | D:5      | Reached skill level 1 in Long Blades
   442 | D:5      | Reached skill level 1 in Axes
   442 | D:5      | Reached skill level 1 in Maces & Flails
   442 | D:5      | Reached skill level 1 in Polearms
   442 | D:5      | Reached skill level 1 in Staves
   442 | D:5      | Reached skill level 1 in Slings
   442 | D:5      | Reached skill level 1 in Bows
   442 | D:5      | Reached skill level 1 in Crossbows
   442 | D:5      | Reached skill level 1 in Throwing
   442 | D:5      | Reached skill level 1 in Armour
   442 | D:5      | Reached skill level 1 in Shields
   442 | D:5      | Reached skill level 1 in Unarmed Combat
   442 | D:5      | Reached skill level 1 in Spellcasting
   442 | D:5      | Reached skill level 1 in Evocations
   462 | D:5      | Reached XP level 4. HP: 22/41 MP: 5/5
   626 | D:5      | Noticed a black bear
   709 | D:4      | Reached * piety under Okawaru
   710 | D:4      | Reached skill level 1 in Conjurations
   710 | D:4      | Reached skill level 1 in Hexes
   710 | D:4      | Reached skill level 1 in Summonings
   710 | D:4      | Reached skill level 1 in Necromancy
   710 | D:4      | Reached skill level 1 in Translocations
   710 | D:4      | Reached skill level 1 in Transmutations
   710 | D:4      | Reached skill level 1 in Fire Magic
   710 | D:4      | Reached skill level 1 in Ice Magic
   710 | D:4      | Reached skill level 1 in Air Magic
   710 | D:4      | Reached skill level 1 in Earth Magic
   710 | D:4      | Reached skill level 1 in Poison Magic
  1243 | D:4      | Noticed a scorpion
  1245 | D:4      | Killed a scorpion
  1246 | D:4      | Reached XP level 5. HP: 47/47 MP: 5/7
  1476 | D:4      | Found a sacrificial altar of Ru.
  1634 | D:4      | Reached XP level 6. HP: 41/53 MP: 8/8
  1904 | D:4      | Reached ** piety under Okawaru
  1905 | D:4      | Reached skill level 5 in Short Blades
  1905 | D:4      | Reached skill level 5 in Dodging
  2666 | D:3      | Found a runed translucent gate.
  2666 | D:3      | Found a runed translucent gate.
  2667 | D:3      | Found a runed translucent gate.
  2670 | D:3      | Noticed DocClef's ghost (novice GnDe)
  2684 | D:3      | Noticed a black bear
  3524 | D:2      | Identified the +5 flail of Breach {vorpal, Will+ rCorr}
  3679 | D:2      | Noticed Natasha
  3685 | D:2      | Killed Natasha
  3686 | D:2      | Reached XP level 7. HP: 50/59 MP: 10/10
  3875 | D:2      | Noticed Jessica
  3890 | D:2      | Killed Jessica
  3956 | D:2      | Noticed Natasha
  3967 | D:2      | Noticed Sigmund
  3979 | D:2      | Killed Sigmund
  4073 | D:2      | Found Yczyry's Magic Scroll Boutique.
  4205 | D:2      | Found a faded altar of an unknown god.
  5442 | D:3      | Reached skill level 10 in Stealth
  5576 | D:5      | Reached *** piety under Okawaru
  5577 | D:5      | Reached XP level 8. HP: 63/67 MP: 12/12
  5906 | D:5      | Noticed Menkaure
  5912 | D:5      | Killed Menkaure
  6205 | D:5      | Noticed Grinder
  6225 | D:5      | Killed Grinder
  6349 | D:5      | Found a sparkling altar of Nemelex Xobeh.
  6491 | D:6      | Reached **** piety under Okawaru
  6492 | D:6      | Reached XP level 9. HP: 59/72 MP: 14/14
  7670 | D:6      | HP: 3/74 [orc warrior/+0 hand axe (11)]
  7671 | D:6      | Slain by an orc warrior

Illustrated notes

Levels and vault maps discovered:
D:1:      minmay_arrival_five_plusses, layout_loops_corners, st_stairs_7,
          hangedman_feature_mirror
D:2:      layout_loops_ring, shapermc_ecumenical_altar_mp_urbaneastern,
          serial_shops, nicolae_shop_trees, uniq_jessica, uniq_sigmund,
          uniq_natasha
D:3:      layout_basic, gammafunk_ghost_necromancy, nicolae_figureground_sparkle
D:4:      layout_loops_corners, nicolae_ru_sacrificial_ziggurat,
          minmay_misc_feat_roman
D:5:      layout_gridville, mainiacjoe_overflow_alcove_1, temple_fountains,
          uniq_grinder, uniq_menkaure
D:6:      layout_loops_ring, lightli_minifort
Temple:   dpeg_five_rooms_temple

Skill      XL: |  1  2  3  4  5  6  7  8  9 |
---------------+----------------------------+-----
Stealth        | 10 | 10.4
Invocations    | 1 2 3 4 |  4.4
Long Blades    | 1 2 3 4 |  4.0
Axes           | 1 2 3 4 |  4.0
Maces & Flails | 1 2 3 4 |  4.0
Polearms       | 1 2 3 4 |  4.0
Staves         | 1 2 3 4 |  4.0
Slings         | 1 2 3 4 |  4.0
Bows           | 1 2 3 4 |  4.0
Crossbows      | 1 2 3 4 |  4.0
Throwing       | 1 2 3 4 |  4.0
Armour         | 1 2 3 4 |  4.0
Shields        | 1 2 3 4 |  4.0
Unarmed Combat | 1 2 3 4 |  4.0
Spellcasting   | 1 2 3 4 |  4.0
Evocations     | 1 2 3 4 |  4.0
Conjurations   | 1 2 3 |  3.3
Hexes          | 1 2 3 |  3.3
Summonings     | 1 2 3 |  3.3
Necromancy     | 1 2 3 |  3.3
Translocations | 1 2 3 |  3.3
Transmutations | 1 2 3 |  3.3
Fire Magic     | 1 2 3 |  3.3
Ice Magic      | 1 2 3 |  3.3
Air Magic      | 1 2 3 |  3.3
Earth Magic    | 1 2 3 |  3.3
Poison Magic   | 1 2 3 |  3.3
Short Blades   | 5 6 |  6.2
Dodging        | 5 6 |  6.2
Fighting       | 7 |  7.8

Action                   |  1- 3 |  4- 6 |  7- 9 || total
-------------------------+-------+-------+-------++-------
Melee: Short sword       |    17 |   153 |       ||   170
       Bite              |     2 |    22 |    11 ||    35
       Punch             |       |     4 |     3 ||     7
       Flail             |       |    23 |   163 ||   186
  Use: Potion            |       |     2 |       ||     2
 Stab: Sleeping          |     3 |    16 |    29 ||    48
       Distracted        |       |     2 |       ||     2
Armor: Leather armour    |       |    27 |     2 ||    29
       Robe              |       |       |    32 ||    32
Dodge: Dodged            |     8 |    98 |   104 ||   210

Table legend: (Time is in decaauts)
 A = Elapsed time spent in this place.
 B = Non-inter-level travel time spent in this place.
 C = Inter-level travel time spent in this place.
 D = Time resting spent in this place.
 E = Time spent auto-exploring this place.
 F = Levels seen in this place.
 G = Mean time per level.
                   A        B        C        D        E       F      G
               +--------+--------+--------+--------+--------+-----+--------+
         Total |   7706 |   7281 |    425 |    553 |   5649 |   7 | 1100.9 |
       Dungeon |   7438 |   7064 |    374 |    553 |   5448 |   6 | 1239.7 |
        Temple |    267 |    216 |     51 |      0 |    201 |   1 |  267.0 |
               +--------+--------+--------+--------+--------+-----+--------+

Top non-repeatable levels by time:
     D:4: 1770 daAuts
     D:5: 1373 daAuts
     D:6: 1233 daAuts
     D:3: 1086 daAuts
     D:2: 1075 daAuts
     D:1: 899 daAuts
  Temple: 267 daAuts
